 Dungeon Crawl Stone Soup version 0.29.0-4-gdea44cf6ec (webtiles) character file.

Game seed: 2974793065049461075

80 qw the Chopper (level 4, -3/39 HPs)
             Began as a Minotaur Fighter on Sept 8, 2022.
             Slain by an orc
             ... wielding a +0 trident
              (4 damage)
             ... on level 3 of the Dungeon.
             The game lasted 00:00:42 (1727 turns).

qw the Chopper (Minotaur Fighter)                   Turns: 1727, Time: 00:00:42

Health: -3/39      AC:  9    Str: 22    XL:     4   Next: 18%
Magic:  3/3        EV:  9    Int:  5    God:
Gold:   70         SH:  5    Dex: 13    Spells: 3/3 levels left

rFire   . . .      SeeInvis .   Y - +2 war axe
rCold   . . .      Faith    .   c - +0 buckler
rNeg    . . .      Spirit   .   b - +0 scale mail
rPois   .          Reflect  .   (helmet restricted)
rElec   .          Harm     .   (no cloak)
rCorr   .          Rampage  .   j - +1 pair of gloves {Dex+3}
Will    .....                   (no boots)
Stlth   ..........              (no amulet)
HPRegen 0.13/turn               (no ring)
MPRegen 0.08/turn               (no ring)

@: no status effects
A: horns 2, retaliatory headbutt
a: no special abilities


You were on level 3 of the Dungeon.
You visited 1 branch of the dungeon, and saw 3 of its levels.

You collected 70 gold pieces.


Innate Abilities, Weirdness & Mutations

You have a pair of horns on your head.
You reflexively headbutt those who attack you in melee.


   Skills:
 - Level 3.6 Fighting
 - Level 5.1 Axes
 + Level 0.4 Throwing
 - Level 3.6 Armour
 - Level 1.0 Dodging
 - Level 3.6 Shields


You had 3 spell levels left.
You didn't know any spells.
Your spell library was empty.

Inventory:

Hand Weapons
 f - a +0 whip
 Y - a +2 war axe (weapon)
Missiles
 a - 3 javelins (quivered)
Armour
 b - a +0 scale mail (worn)
 c - a +0 buckler (worn)
 j - a +1 pair of gloves of dexterity (worn)
Jewellery
 g - a ring of fire
Potions
 d - a potion of might
 e - a potion of heal wounds {unknown}
 h - a potion of haste {unknown}
 i - a potion of degeneration {unknown}

Dungeon Overview and Level Annotations

Branches:
Dungeon (3/15)

Altars:
Kikubaaqudgha
Okawaru


Message History

The orc barely misses you. You furiously retaliate!
You headbutt the orc.
You kill the orc!
Your Dodging skill increases to level 1!
You block the orc's attack.
Things that are here:
a +0 hand axe; a +0 scale mail You barely miss the orc.
You headbutt the orc.
The orc is lightly wounded.
The orc hits you but does no damage.
You hit the orc.
The orc is severely wounded.
You block the orc's attack. The orc closely misses you.
You slash the orc!
You kill the orc!
The kobold throws a stone.
The stone hits you. The orc hits you but does no damage.
The kobold hits you but does no damage.
Things that are here:
a +0 dagger; an orc corpse You barely miss the kobold.
The orc hits you from afar with a +0 trident!
You block the kobold's attack.
You completely miss the kobold.
The orc hits you from afar with a +0 trident.
The kobold hits you with a +0 short sword.
You barely miss the kobold. Your headbutt misses the kobold.
The orc misses you. The kobold closely misses you.
The kobold barely misses you.
The orc hits you from afar with a +0 trident.
You barely miss the kobold.
The orc hits you from afar with a +0 trident.
The kobold hits you but does no damage.
You hit the kobold.
The kobold is severely wounded.
The orc wizard gestures at you while chanting.
You resist with some effort.
The orc hits you from afar with a +0 trident.
The kobold hits you but does no damage.
You slash the kobold!
You kill the kobold!
The orc hits you from afar with a +0 trident. x2
You die...

#.# #.# ### #.# ...
#.# .... #.# .....
###.######. .
.....##........~~~~~
........#######.....
.>......#..)@).##
.....##.#.~~~~~.....
..... #.#.~.ooo~~~~.
.... #.#)~.###...~.
... #)#.~.# ##.~.
#.# #.#)~.# ~.
##.~.#.~... #
#.~.#.~~._
#.~.#...~~


You could see an orc wizard and 2 orcs.

Vanquished Creatures
  2 adders (D:2)
  A worm (D:2)
  2 dart slugs (D:1)
  5 orcs (D:3)
  5 ball pythons
  An endoplasm (D:2)
  6 goblins
  6 hobgoblins
  4 jackals (D:1)
  A quokka (D:1)
  2 bats
  2 frilled lizards
  9 kobolds
  3 rats
49 creatures vanquished.

Notes
Turn   | Place    | Note
-------+----------+-------------------------------------------
     0 | D:1      | qw the Minotaur Fighter began the quest for the Orb.
     0 | D:1      | Reached XP level 1. HP: 19/19 MP: 0/0
     0 | D:1      | 0 ||| qw: Version: 0.1-a-111-g1c1fd2e
     0 | D:1      | 0 ||| qw: Game counter: 6605
     0 | D:1      | 0 ||| qw: Always use a shield: true
     0 | D:1      | 0 ||| qw: God list: Ru
     0 | D:1      | 0 ||| qw: Allow faded altars: false
     0 | D:1      | 0 ||| qw: Do Orc after D:15 true
     0 | D:1      | 0 ||| qw: Do second Lair branch before Depths: true
     0 | D:1      | 0 ||| qw: Lair rune preference: random
     0 | D:1      | 0 ||| qw: Plans: Normal
     0 | D:1      | 0 ||| PLANNING D:1-11
    30 | D:1      | 30 ||| Stepping ~*~*~tactically~*~*~ (stealth).
    85 | D:1      | Reached skill level 3 in Axes
    88 | D:1      | Reached XP level 2. HP: 26/26 MP: 1/1
   304 | D:1      | 304 ||| Stepping ~*~*~tactically~*~*~ (stealth).
   306 | D:1      | Reached skill level 4 in Axes
   307 | D:1      | 307 ||| Stepping ~*~*~tactically~*~*~ (stealth).
   466 | D:1      | Reached XP level 3. HP: 31/31 MP: 2/2
   481 | D:1      | 481 ||| Stepping ~*~*~tactically~*~*~ (stealth).
   626 | D:1      | 626 ||| READING scroll labelled YTUKEUPSU VUACH.
   701 | D:2      | 701 ||| READING scroll of enchant weapon.
   701 | D:2      | 701 ||| ENCHANTING +1 war axe.
   719 | D:2      | Identified the +3 dagger of the End of Times {speed, Str+4}
   959 | D:2      | Found a faded altar of an unknown god.
   966 | D:2      | 966 ||| FLEEEEING.
   973 | D:2      | 973 ||| STAIRDANCE
  1011 | D:1      | 1011 ||| READING scroll labelled TECAGOMARUN.
  1118 | D:2      | Found an iron altar of Okawaru.
  1187 | D:2      | Reached skill level 5 in Axes
  1370 | D:2      | 1370 ||| Stepping ~*~*~tactically~*~*~ (stealth).
  1552 | D:2      | Reached XP level 4. HP: 39/39 MP: 3/3
  1646 | D:2      | 1646 ||| UPGRADING to +1 pair of gloves of dexterity.
  1651 | D:2      | 1651 ||| READING scroll labelled FAGITEUGEN.
  1700 | D:3      | Found an ancient bone altar of Kikubaaqudgha.
  1717 | D:3      | Reached skill level 1 in Dodging
  1723 | D:3      | HP: 8/39 [kobold/+0 short sword (3)]
  1726 | D:3      | HP: 2/39 [orc/+0 trident (2)]
  1727 | D:3      | Slain by an orc

Levels and vault maps discovered:
D:1:      elethiomel_arrival_infinity_welcomes_careful_drivers, layout_rooms
D:2:      layout_loops_corners, basic_altar, hellmonk_ecumenical_altar_lost_god,
          minmay_tromino_v4_c
D:3:      layout_basic, nicolae_overflow_squiral, grunt_qazlal_sundering,
          minivault_26, minivault_23, uniq_grinder

Skill      XL: |  1  2  3  4 |
---------------+-------------+-----
Axes           | 3 4 5 |  5.1
Dodging        | 1 |  1.0
Fighting       | |  3.6
Throwing       | |  0.4
Armour         | |  3.6
Shields        | |  3.6

Action                   |  1- 3 |  4- 6 || total
-------------------------+-------+-------++-------
Melee: War axe           |    77 |    19 ||    96
       Headbutt          |     8 |     1 ||     9
Throw: Javelin           |     6 |     2 ||     8
  Use: Scroll            |     3 |     1 ||     4
Armor: Scale mail        |    29 |     7 ||    36
Dodge: Dodged            |    33 |     9 ||    42
Block: Buckler           |    15 |     4 ||    19

Table legend:
 A = Non-vault XP
 B = Vault XP
 C = Vault XP percentage of total XP
 D = Non-vault monster count
 E = Vault monster count
 F = Vault count percentage of total count
                 A         B        C        D         E       F
            +---------+---------+-------+---------+---------+-------
      Total |     113 |       3 |   2.6 |      47 |       2 |   4.1
            +---------+---------+-------+---------+---------+-------
        D:1 |      47 |       0 |   0.0 |      26 |       0 |   0.0
        D:2 |      49 |       3 |   5.8 |      14 |       2 |  12.5
        D:3 |      17 |       0 |   0.0 |       7 |       0 |   0.0
            +---------+---------+-------+---------+---------+-------
